 Dungeon Crawl Stone Soup version 0.30-a0-137-gd8773701ce (webtiles) character file.

Game seed: 8323125258856185537

70 KennySheep the Slasher (level 3, 0/29 HPs)
             Began as a Demigod Gladiator on Sept 24, 2022.
             Slain by a ball python (2 damage)
             ... on level 3 of the Dungeon.
             The game lasted 00:04:18 (1850 turns).

KennySheep the Slasher (Demigod Gladiator)          Turns: 1850, Time: 00:04:19

Health: 0/29       AC:  5    Str: 15    XL:     3   Next: 76%
Magic:  5/5        EV: 10    Int: 10    God:
Gold:   72         SH:  0    Dex: 19    Spells: 2/2 levels left

rFire   . . .      SeeInvis .    a - +0 long sword
rCold   . . .      Faith    .    (no shield)
rNeg    . . .      Spirit   .    b - +0 leather armour
rPois   +          Reflect  .    c - +0 helmet
rElec   .          Harm     .    (no cloak)
rCorr   .          Rampage  .    (no gloves)
Will    .....                    f - +0 pair of boots
Stlth   ++........               (no amulet)
HPRegen 0.09/turn                g - ring of poison resistance
MPRegen 0.09/turn                (no ring)

@: constricted
A: high MP 1, forlorn, divine attributes
a: no special abilities


You were on level 3 of the Dungeon.
You visited 1 branch of the dungeon, and saw 3 of its levels.

You collected 112 gold pieces.
You spent 40 gold pieces at shops.

Inventory:

Hand Weapons
 a - a +0 long sword (weapon)
Missiles
 d - 3 throwing nets (quivered)
 e - 6 javelins
Armour
 b - a +0 leather armour (worn)
 c - a +0 helmet (worn)
 f - a +0 pair of boots (worn)
Jewellery
 g - a ring of poison resistance (left hand)
Scrolls
 i - 2 scrolls of teleportation
 j - a scroll of fear {unknown}
 k - a scroll of enchant armour {unknown}
 m - 2 scrolls of identify {unknown}
 n - a scroll of immolation {unknown}
 p - a scroll of amnesia {unknown}
Potions
 l - a potion of brilliance {unknown}
 o - a potion of resistance {unknown}
 q - a potion of haste {unknown}


   Skills:
 + Level 2.2 Fighting
 * Level 3.4 Long Blades
 - Level 1.7 Throwing
 + Level 1.1 Armour
 + Level 3.0 Dodging
 + Level 1.2 Stealth


You had 2 spell levels left.
You didn't know any spells.
Your spell library was empty.

Dungeon Overview and Level Annotations

Branches:
Dungeon (3/15)

Shops:
D:1 !

Annotations:
D:3 Grinder


Innate Abilities, Weirdness & Mutations

You have an increased reservoir of magic. (+10% MP)
You shall have no god before yourself.
Your divine heritage dramatically boosts your attributes as you level up.


Message History

A quokka comes into view.
The bat misses you. The bat attacks as you move away! The bat misses you.
The bat hits you but does no damage.
You see here a scroll of teleportation.
Grinder attacks as you move away! Grinder misses you.
Your surroundings suddenly seem different. 2 goblins and a jackal come into view.
Found a club.
The jackal barks!
The goblin shouts!
A ball python comes into view.
The ball python hisses angrily.
You hit the jackal.
The jackal is heavily wounded.
The jackal barely misses you. The jackal misses you.
You hit the jackal.
You kill the jackal!
You slash the goblin!
You kill the goblin!
The ball python misses you. The ball python grabs you.
The ball python constricts you. The goblin hits you but does no damage.
You hit the goblin.
The goblin is heavily wounded.
The ball python barely misses you. The ball python constricts you.
The goblin closely misses you. The ball python barely misses you.
The ball python constricts you.
You miss the goblin.
The goblin is heavily wounded.
The goblin hits you with a +0 dagger.
* * * LOW HITPOINT WARNING * * *
The ball python bites you.
* * * LOW HITPOINT WARNING * * *
The ball python constricts you.
* * * LOW HITPOINT WARNING * * *
The goblin hits you with a +0 dagger.
* * * LOW HITPOINT WARNING * * *
You hit the goblin.
The goblin is severely wounded.
The ball python bites you.
You die...

.........
.......
#..)..#
#.....#
#.....#
#.....#
#.S)g.#
#..@..#
#.†...#
#.....#
##+++##


You could see a goblin and a ball python.

Vanquished Creatures
  A gnoll (D:2)
  An adder (D:2)
  A dart slug (D:2)
  5 bats
  3 endoplasms
  2 giant cockroaches (D:1)
  8 goblins
  A hobgoblin (D:3)
  7 jackals
  A quokka (D:1)
  4 ball pythons (D:1)
  4 frilled lizards
  4 kobolds
  3 rats
45 creatures vanquished.

Vanquished Creatures (others)
  6 plants (D:2)
6 creatures vanquished.

Grand Total: 51 creatures vanquished

Notes
Turn   | Place    | Note
-------+----------+-------------------------------------------
     0 | D:1      | KennySheep the Demigod Gladiator began the quest for the
                  | Orb.
     0 | D:1      | Reached XP level 1. HP: 17/17 MP: 3/3
   109 | D:1      | Reached XP level 2. HP: 19/24 MP: 4/4
   118 | D:1      | Found Ytenun's Distillery.
   158 | D:1      | Bought a potion of curing for 30 gold pieces
   772 | D:1      | Bought a potion of degeneration for 10 gold pieces
   841 | D:2      | Reached XP level 3. HP: 29/29 MP: 5/5
   884 | D:2      | Reached skill level 1 in Stealth
  1198 | D:2      | Reached skill level 1 in Armour
  1827 | D:3      | Noticed Grinder
  1833 | D:3      | Paralysed by Grinder for 3 turns
  1849 | D:3      | HP: 1/29 [goblin/+0 dagger (2)]
  1850 | D:3      | Slain by a ball python

Illustrated notes

Levels and vault maps discovered:
D:1:      mainiacjoe_arrival_reflecting_pool, layout_rooms, serial_shops, shop,
          hellmonk_ecumenical_altar_leap_of_faith
D:2:      layout_loops_corners, nicolae_grassy_gnolls
D:3:      kennysheep_goblin_castle, layout_loops_cross, lightli_temple_of_fire,
          uniq_sigmund, uniq_grinder

Skill      XL: |  1  2  3 |
---------------+----------+-----
Long Blades    | 3 |  3.4
Fighting       | 2 |  2.2
Stealth        | 1 |  1.2
Armour         | 1 |  1.1
Dodging        | 3 |  3.0
Throwing       | |  1.7

Action                   || total
-------------------------++-------
Melee: Long sword        ||   140
       Punch             ||     1
  Use: Scroll            ||     1
       Potion            ||     1
 Stab: Sleeping          ||     3
Armor: Leather armour    ||    70
Dodge: Dodged            ||   153

Table legend: (Time is in decaauts)
 A = Elapsed time spent in this place.
 B = Non-inter-level travel time spent in this place.
 C = Inter-level travel time spent in this place.
 D = Time resting spent in this place.
 E = Time spent auto-exploring this place.
 F = Levels seen in this place.
 G = Mean time per level.
                   A        B        C        D        E       F      G
               +--------+--------+--------+--------+--------+-----+--------+
         Total |   1882 |   1829 |     53 |    291 |   1146 |   3 |  627.3 |
       Dungeon |   1882 |   1829 |     53 |    291 |   1146 |   3 |  627.3 |
               +--------+--------+--------+--------+--------+-----+--------+

Top non-repeatable levels by time:
     D:1: 810 daAuts
     D:3: 621 daAuts
     D:2: 450 daAuts
